 Dungeon Crawl Stone Soup version 0.30-a0-782-ge64f9170bb (webtiles) character file.

Game seed: 16916795475374563806

36 M4edhros the Trooper (level 3, 0/25 (27) HPs)
             Began as an Octopode Chaos Knight on Mar 1, 2023.
             Was a Plaything of Xom.
             Slain by a gnoll
             ... wielding a +0 whip
              (7 damage)
             ... while paralysed by a gnoll
             ... on level 3 of the Dungeon.
             The game lasted 00:03:42 (5876 turns).

M4edhros the Trooper (Octopode Chaos Knight)        Turns: 5876, Time: 00:03:43

HP:   0/25 (27)     AC:  5    Str: 11      XL:     3   Next: 37%
MP:   3/3           EV:  2    Int: 14      God:    Xom [.....*]
Gold: 60            SH:  0    Dex: 11 (13) Spells: 2/2 levels left

rFire   + + .      SeeInvis .    g - +10 great mace of Prudence {freeze, Fly rN+}
rCold   . . .      Faith    .    (shield currently unavailable)
rNeg    + . .      Spirit   .    (helmet restricted)
rPois   +          Reflect  .    (no amulet)
rElec   .          Harm     .    (no ring)
rCorr   .          Rampage  .    (no ring)
Will    +....                    (no ring)
Stlth   ++                       (no ring)
HPRegen 1.04/turn                (no ring)
MPRegen 0.08/turn                (no ring)
                                 (no ring)
                                 (no ring)

@: paralysed, flying, held, drained
A: almost no armour, amphibious, 8 rings, camouflage 1, gelatinous body 1,
(nimble swimmer 1), tentacles, antennae 1, tentacle spike 1, iridescent scales
2, large bone plates 1, fire resistance 2, strong-willed 1, poison resistance,
regeneration 1, evolution 1, noise suppression
a: Renounce Religion


You were on level 3 of the Dungeon.
You worshipped Xom.
You were Xom's teddy bear.
You visited 1 branch of the dungeon, and saw 3 of its levels.

You collected 60 gold pieces.

Inventory:

Hand Weapons
 a - a +0 mace of chaos
 g - the +10 great mace of Prudence (weapon) {freeze, Fly rN+}
   (Xom gifted it to you on level 1 of the Dungeon)

   rN:        It protects you from negative energy.
   Fly:       It grants you flight.
Armour
 c - a +0 pair of boots
Wands
 h - a wand of paralysis (4)
Scrolls
 d - a scroll of enchant armour {unknown}
 e - 6 scrolls of identify {unknown}
 f - 2 scrolls of teleportation {unknown}
Potions
 i - a potion of berserk rage {unknown}
Miscellaneous
 b - a piece from Xom's chessboard (15/15) (quivered)


   Skills:
 + Level 3.9 Fighting
 - Level 3.0 Maces & Flails
 + Level 3.0 Dodging


You had 2 spell levels left.
You didn't know any spells.
Your spell library contained the following spells:

 Spells                   Type           Power      Damage    Failure   Level
 Blink                    Tloc           0%         N/A       41%         2
 Lesser Beckoning         Tloc           0%         N/A       41%         2
 Momentum Strike          Conj/Tloc      0%         3d8       41%         2


Dungeon Overview and Level Annotations

Branches:
Dungeon (3/15)

Altars:
Ashenzari
Xom

Annotations:
D:3 1 transporter, qborf's ghost, amateur AtFi


Innate Abilities, Weirdness & Mutations

You cannot wear most types of armour.
You are amphibious.
You can wear up to eight rings at the same time.
Your skin changes colour to match your surroundings (Stealth+).
Your rubbery body absorbs attacks. (AC +1, EV +1)
((You are camouflaged when in or above water. (Stealth+)))
You have tentacles for arms and can constrict up to eight enemies at once.
You have a pair of small antennae on your head.
One of your tentacles bears a spike.
You are mostly covered in iridescent scales. (AC +4)
You are partially covered in large bone plates. (SH +4)
Your flesh is very heat resistant. (rF++)
You are strong-willed. (Will+)
Your system is resistant to poisons. (rPois)
Your natural rate of healing is unusually fast.
You have hidden genetic potential.
You passively dampen the noise of your surroundings.


Message History

Okay, then.
The gnoll shouts!
A gnoll breaks down the door.
The gnoll shouts!
Okay, then.
Found a transporter.
The gnoll shouts!
You hear Xom's maniacal cackling.
Your body is suffused with distortional energy.
Iridescent scales spread over more of your body.
Found a stone staircase leading down.
The gnoll shouts!
There is a transporter here.
You enter the transporter and appear at another place.
A gnoll opens the door.
It was a potion of cancellation.
You feel magically purged.
It was a potion of flight.
You feel more buoyant.
Xom roars with laughter!
The gnoll throws a throwing net.
The throwing net hits you.
You become entangled in the net!
Aiming: Paralyse
Press: ? - help, Shift-Dir - straight line
Okay, then.
You struggle against the net.
The gnoll barely misses you.
The gnoll hits you from afar with a +3 spear of chaos!
Aiming: Paralyse
Press: ? - help, Shift-Dir - straight line, f - gnoll
Aim: a gnoll, wielding a +0 whip (chance to affect: 57%)
The gnoll suddenly stops moving!
The gnoll barely misses you.
The gnoll hits you from afar with a +3 spear of chaos!
You suddenly lose the ability to move!
The gnoll hits you with a +0 whip.
The gnoll hits you from afar with a +3 spear of chaos.
* * * LOW HITPOINT WARNING * * *
The gnoll freezes you.
* * * LOW HITPOINT WARNING * * *
The gnoll hits you with a +0 whip!
You die...
Xom roars with laughter!

#..≈≈≈≈≈≈≈≈≈≈≈...≈≈≈≈≈≈
#..≈≈≈≈≈≈≈≈≈≈≈...≈≈≈≈≈≈
#..≈≈#####...........##
#..≈≈#...#.###.©.###.# .g#≈≈. ..
#..≈≈#...###.##### .#≈≈..r#
#..≈≈###.......... ###≈≈.#.#
#..≈≈.8#.##+###g### # #8.≈≈.#.#
#..≈≈.##.#P.P#P.8# . #.##.≈≈.#.#
#..~~.#..+....g@⌠#:W$+..#.~~.#.#
#..≈≈.##.#P.P#Pg8#=.$#.##.≈≈.#.#
#..≈≈.8#.##+###'######.#8.≈≈...#
##.≈≈###...............###≈≈...#
#.≈≈#g..###.#####©###:..#≈≈.#.#
#.≈≈#...#.###.©.###.#g.g#≈≈.#.#
#.≈≈#####...........#####≈≈g#.#
#.≈≈≈≈≈≈≈≈≈≈≈≈~≈≈≈≈≈≈≈≈≈≈≈≈...#
#.≈≈≈≈≈≈≈≈≈≈≈≈~≈≈≈≈≈≈≈≈≈≈≈≈.#.#


You could see 3 gnolls.

Vanquished Creatures
  A white imp (D:3)
  2 orcs (D:3)
  A ball python (D:1)
  An endoplasm (D:1)
  5 giant cockroaches (D:1)
  5 hobgoblins
  A quokka (D:1)
  A bat (D:3)
  3 frilled lizards
  A goblin (D:1)
  3 kobolds
  A rat (D:3)
25 creatures vanquished.

Notes
Turn   | Place    | Note
-------+----------+-------------------------------------------
     0 | D:1      | M4edhros the Octopode Chaos Knight began the quest for the
                  | Orb.
     0 | D:1      | Reached XP level 1. HP: 16/16 MP: 1/1
    53 | D:1      | XOM: divination: detect items
   115 | D:1      | Reached XP level 2. HP: 21/21 MP: 2/2
   265 | D:1      | Found a faded altar of an unknown god.
   452 | D:1      | XOM: silly message
   509 | D:1      | XOM: silly message
   646 | D:2      | XOM is BORED!
   646 | D:2      | XOM: summons 2 hostile demons
   647 | D:2      | Noticed a crimson imp
   910 | D:1      | XOM: draining
  1367 | D:1      | XOM: summons 2 hostile demons
  1410 | D:1      | XOM: butterfly on damage
  1450 | D:2      | XOM: god gift: pair of boots {god gift}
  1797 | D:1      | XOM: summons 2 hostile shadow creatures
  2733 | D:1      | XOM: noise
  3047 | D:1      | XOM: give mutations
  3047 | D:1      | Gained mutation: You passively dampen the noise of your
                  | surroundings. [Xom's mischief]
  3047 | D:1      | Gained mutation: Your system is resistant to poisons.
                  | (rPois) [Xom's mischief]
  3047 | D:1      | Gained mutation: You are partially covered in iridescent
                  | scales. (AC +2) [Xom's mischief]
  3684 | D:1      | XOM: summons 2 hostile demons
  4126 | D:1      | XOM: give mutation
  4126 | D:1      | Gained mutation: You have hidden genetic potential. [Xom's
                  | grace]
  4157 | D:1      | XOM: 3-stop teleportation journey
  4419 | D:1      | XOM: scenery: create altars
  4453 | D:1      | Identified the +10 great mace of Prudence {freeze, Fly rN+}
                  | (Xom gifted it to you on level 1 of the Dungeon)
  4453 | D:1      | XOM: god gift: +10 great mace of Prudence {freeze, Fly rN+}
  4465 | D:1      | XOM: god gift: wand of paralysis (5)
  4473 | D:1      | XOM: scenery: create altars
  4600 | D:1      | XOM: cloud trail
  4699 | D:1      | XOM: give mutations
  4699 | D:1      | Gained mutation: You are partially covered in large bone
                  | plates. (SH +4) [Xom's grace]
  4699 | D:1      | Gained mutation: One of your tentacles bears a spike.
                  | [Xom's grace]
  4699 | D:1      | Gained mutation: Your flesh is heat resistant. (rF+) [Xom's
                  | grace]
  4699 | D:1      | Gained mutation: You are strong-willed. (Will+) [Xom's
                  | grace]
  5013 | D:1      | XOM: scenery: summon butterflies
  5674 | D:1      | XOM: give mutations
  5674 | D:1      | Gained mutation: Your flesh is very heat resistant. (rF++)
                  | [Xom's grace]
  5674 | D:1      | Gained mutation: You have a pair of small antennae on your
                  | head. [Xom's grace]
  5674 | D:1      | Gained mutation: Your natural rate of healing is unusually
                  | fast. [Xom's grace]
  5748 | D:3      | Found a broken altar of Ashenzari.
  5789 | D:3      | Reached XP level 3. HP: 23/23 MP: 3/3
  5816 | D:3      | XOM is BORED!
  5816 | D:3      | XOM: 1-stop teleportation journey
  5829 | D:3      | Noticed qborf's ghost (amateur AtFi)
  5830 | D:3      | Found a transporter.
  5862 | D:3      | Found a transporter.
  5865 | D:3      | XOM: give mutation
  5865 | D:3      | Gained mutation: You are mostly covered in iridescent
                  | scales. (AC +4) [Xom's grace]
  5874 | D:3      | Paralysed by a gnoll for 4 turns
  5876 | D:3      | Slain by a gnoll

Illustrated notes

Levels and vault maps discovered:
D:1:      nzn_arrival_crosshair, layout_rooms,
          hellmonk_ecumenical_altar_inner_sanctum
D:2:      minmay_alternating_diamond, layout_loops_corners, uniq_natasha,
          uniq_terence, uniq_robin
D:3:      layout_rooms, nicolae_ashenzari_panopticon,
          nicolae_overflow_ecumenical_swirl, gammafunk_ghost_gnarly_gnolls

Skill      XL: |  1  2  3 |
---------------+----------+-----
Dodging        | 3 |  3.0
Fighting       | |  3.9
Maces & Flails | |  3.0

Action                     || total
---------------------------++-------
  Melee: Mace              ||    46
         Constrict         ||    11
         Tentacles         ||     9
         Great mace        ||     9
         Kick              ||     1
  Evoke: Wand              ||     1
    Use: Potion            ||     3
   Stab: Sleeping          ||     2
 Armour: Skin              ||     7
  Dodge: Dodged            ||    49

Table legend: (Time is in decaauts)
 A = Elapsed time spent in this place.
 B = Non-inter-level travel time spent in this place.
 C = Inter-level travel time spent in this place.
 D = Time resting spent in this place.
 E = Time spent auto-exploring this place.
 F = Levels seen in this place.
 G = Mean time per level.
                   A        B        C        D        E       F      G
               +--------+--------+--------+--------+--------+-----+--------+
         Total |   5895 |   5822 |     73 |   4942 |    486 |   3 | 1965.0 |
       Dungeon |   5895 |   5822 |     73 |   4942 |    486 |   3 | 1965.0 |
               +--------+--------+--------+--------+--------+-----+--------+

Top non-repeatable levels by time:
     D:1: 5416 daAuts
     D:2: 335 daAuts
     D:3: 143 daAuts
